 Dungeon Crawl Stone Soup version 0.17.0-7-gfadd4cc (webtiles) character file.

18448 Leibowitz the Nimble (level 12, 0/142 HPs)
             Began as a Merfolk Gladiator on Nov 7, 2015.
             Was a High Priest of Okawaru.
             Slain by a two-headed hydra (4 damage)
             ... on level 2 of the Lair of Beasts.
             The game lasted 01:16:11 (16949 turns).

Leibowitz the Nimble (Merfolk Gladiator)           Turns: 16949, Time: 01:16:14

Health: 0/142      AC: 26    Str: 17    XL:     12   Next: 58%
Magic:  12/12      EV:  2    Int:  7    God:    Okawaru [*****.]
Gold:   1016       SH:  0    Dex: 23    Spells: 0 memorised, 11 levels left

rFire  . . .     SeeInvis .     O - +0 scimitar (flame)
rCold  . . .     Clarity  .     (armour currently unavailable)
rNeg   + + +     SustAt   .     (no shield)
rPois  +         Gourm    +     (helmet currently unavailable)
rElec  .         Spirit   .     (cloak currently unavailable)
rCorr  .         Warding  .     (gloves currently unavailable)
rMut   .         NoTele   +     (boots currently unavailable)
MR     .....                    h - amulet of the gourmand
Stlth  ++++++++..               I - +3 ring of slaying
                                J - +5 ring of dexterity

@: tree-form, studying Long Blades, drained, not resistant to hostile
enchantments, extraordinarily stealthy
A: (change form in water), (swift swim)
a: Heroism, Finesse, Renounce Religion


You were on level 2 of the Lair of Beasts.
You worshipped Okawaru.
Okawaru was extremely pleased with you.
You were completely stuffed.
You were a tree.
You visited 4 branches of the dungeon, and saw 16 of its levels.

You collected 1170 gold pieces.
You spent 154 gold pieces at shops.

Inventory:

Hand Weapons
 a - a +0 trident of venom
 b - a -3 blowgun
 O - a +0 scimitar of flaming (weapon)
Missiles
 g - 4 silver javelins (quivered)
 k - 48 poisoned needles
 l - 6 javelins
 s - 4 needles of sleeping
Armour
 c - a +1 helmet (melded)
 m - a +2 ring mail of fire resistance (melded)
 u - a +0 pair of gloves (melded)
 N - the +0 pair of boots of Xiwkourgh (melded) {rPois rC+ MR-}
   (Okawaru gifted it to you on level 1 of the Lair of Beasts)

   It protects you from cold.
   It protects you from poison.
   It affects your resistance to hostile enchantments.
Jewellery
 h - an amulet of the gourmand (around neck)
 t - an uncursed ring of teleportation
 w - an uncursed ring of protection from cold
 x - an uncursed ring of poison resistance
 D - an uncursed ring of protection from cold
 I - a +3 ring of slaying (right branch)
 J - a +5 ring of dexterity (left branch)
Wands
 v - a wand of lightning (0)
 z - a wand of confusion (9)
 H - a wand of polymorph (4)
Scrolls
 j - 3 scrolls of teleportation
 n - 2 scrolls of magic mapping
 r - a scroll of enchant weapon
 A - 10 scrolls of identify
 E - a scroll of amnesia {unknown}
 F - a scroll of remove curse
 P - a scroll of fog
 Q - 2 scrolls of enchant armour
 S - 3 scrolls of blinking
Potions
 e - 3 potions of lignification
 p - 2 potions of agility
 C - 3 potions of brilliance
 K - 3 potions of invisibility
 L - 9 potions of curing
 M - a potion of heal wounds
 R - a potion of resistance
Books
 y - a manual of Long Blades
Comestibles
 f - 8 bread rations
 i - 8 beef jerkies
 o - 10 slices of pizza
 q - 6 meat rations
 B - 5 fruits
 G - a royal jelly


   Skills:
 + Level 9.1(8.9) Fighting
 + Level 13.7(13.5) Polearms
 - Level 4.1(3.9) Throwing
 + Level 4.4(4.3) Armour
 + Level 13.9(13.7) Dodging
 + Level 10.8(10.6) Stealth
   Level 3.1(2.9) Shields
 + Level 0.2(0.0) Invocations
 + Level 1.2(1.0) Evocations


You had 11 spell levels left.
You didn't know any spells.

Dungeon Overview and Level Annotations

Branches:
Dungeon (11/15)            Temple (1/1) D:6            Lair (2/8) D:8
    Orc (2/4) D:11

Altars:
Ashenzari
Cheibriados
Dithmenos
Elyvilon
Fedhas
Gozag
Kikubaaqudgha
Makhleb
Nemelex Xobeh
Okawaru
Qazlal
Ru
Sif Muna
Trog
Vehumet
Xom
Yredelemnul
Zin
The Shining One
Beogh

Shops:
D:9 !   Orc:1 (%}[

Annotations:
D:9 Banto's ghost, novice HaAr
Orc:2 Nergalle


Message History

* * * LOW HITPOINT WARNING * * *
The four-headed hydra bites you but does no damage. x3
The four-headed hydra barely misses you.
The four-headed hydra bites you but does no damage. x3
You chop one of the four-headed hydra's heads off!
The flame cauterises the wound!
You slash the three-headed hydra! You burn the three-headed hydra.
The three-headed hydra is severely wounded.
The three-headed hydra bites you but does no damage.
The three-headed hydra bites you.
* * * LOW HITPOINT WARNING * * *
The three-headed hydra bites you but does no damage.
You chop one of the three-headed hydra's heads off!
The flame cauterises the wound!
You slash the two-headed hydra! You burn the two-headed hydra.
The two-headed hydra is almost dead.
The two-headed hydra bites you.
* * * LOW HITPOINT WARNING * * *
The two-headed hydra bites you.
You die...

##........# #####........# #..##
....... ..##........## #...
###......
.##P.......P#######..####.#......
...........................P.....
.................................
.................................
.................................
................♣D...............
...............†.................
.........:.......................
#.##.......#.#######...#.#......^
###.#......### ##...###...#..
#.......<.# #....#.......
##........# ##...........
#.##.....# #.##........
###......## ####........


You could see a two-headed hydra.

Vanquished Creatures
  A hydra (Lair:1)
  Erica (Lair:2)
  A centaur warrior (D:9)
  Pikel (D:4)
  2 ugly things (D:11)
  Psyche (D:9)
  2 spiny frogs (Lair:1)
  2 komodo dragons
  2 trolls
  Grinder (D:3)
  A two-headed ogre (D:11)
  A hippogriff (D:8)
  Sigmund (D:2)
  2 basilisks
  A human (D:8)
  A wyvern (D:10)
  Menkaure (D:6)
  10 yaks
  2 soldier ants
  2 hungry ghosts
  4 porcupines
  Duvessa (D:6)
  11 orc warriors
  3 sky beasts
  5 water moccasins
  5 ice beasts
  4 phantoms
  5 centaurs
  2 necrophages (D:11)
  6 ogres
  The ghost of Squibie the Poker, an amateur DsGl (D:3)
  6 crocodiles
  12 big kobolds (D:8)
  9 giant frogs
  A gnoll sergeant (D:11)
  3 scorpions
  Dowan (D:6)
  10 killer bees
  7 wights
  2 giant frog zombies
  8 crimson imps
  3 jellies
  10 orc priests
  6 hounds
  2 giant frog skeletons
  7 iguanas
  17 orc wizards
  Ijyb (D:3)
  A human skeleton (D:11)
  5 human zombies (D:11)
  A quasit (D:9)
  Jessica (D:3)
  Terence (D:1)
  Natasha (twice) (D:4)
  8 worker ants
  A killer bee zombie (D:5)
  12 sheep
  A worker ant zombie (D:6)
  A mummy (D:11)
  4 gnolls (D:11)
  29 river rats
  A shadow imp (D:8)
  4 adders
  An ooze (D:2)
  An adder zombie (D:5)
  5 worms
  An adder skeleton (D:9)
  3 giant geckos
  93 orcs
  9 giant cockroaches
  14 hobgoblins
  6 jackals
  16 kobolds
  5 bats
  A giant gecko zombie (D:7)
  5 giant newts
  11 goblins
  An orc zombie (D:11)
  A quokka (D:8)
  8 rats
  A spectral orc (D:4)
442 creatures vanquished.

Vanquished Creatures (others)
  A killer bee (D:11)
  3 orc wizards
  Natasha (D:4)
  2 bushes (D:8)
  A fungus (D:8)
  6 plants (D:8)
14 creatures vanquished.

Grand Total: 456 creatures vanquished

Notes
Turn   | Place    | Note
--------------------------------------------------------------
     0 | D:1      | Leibowitz the Merfolk Gladiator began the quest for the Orb.
     0 | D:1      | Reached XP level 1. HP: 16/16 MP: 1/1
    77 | D:1      | Reached XP level 2. HP: 16/22 MP: 2/2
   496 | D:2      | Reached skill level 1 in Stealth
   507 | D:2      | Reached skill level 5 in Polearms
   507 | D:2      | Reached XP level 3. HP: 25/28 MP: 3/3
   547 | D:2      | Noticed Sigmund
   990 | D:2      | Killed Sigmund
   990 | D:2      | Reached skill level 5 in Dodging
   990 | D:2      | Reached XP level 4. HP: 17/34 MP: 4/4
   990 | D:2      | Reached XP level 5. HP: 20/40 MP: 5/5
  1229 | D:2      | Noticed Terence
  1285 | D:1      | Killed Terence
  1285 | D:1      | Reached XP level 6. HP: 18/47 MP: 6/6
  1751 | D:3      | Noticed Ijyb
  1773 | D:3      | Killed Ijyb
  1773 | D:3      | Reached skill level 6 in Polearms
  1838 | D:3      | Noticed Grinder
  1840 | D:3      | Paralysed by Grinder for 4 turns
  1844 | D:3      | Noticed Jessica
  1951 | D:3      | Killed Grinder
  1951 | D:3      | Reached skill level 1 in Armour
  1951 | D:3      | Reached XP level 7. HP: 43/52 MP: 7/7
  1987 | D:3      | Killed Jessica
  2027 | D:3      | Noticed Squibie's ghost (amateur DsGl)
  2057 | D:3      | Killed Squibie's ghost
  2057 | D:3      | Reached skill level 7 in Polearms
  2394 | D:4      | Noticed Pikel
  2424 | D:4      | Killed Pikel
  2424 | D:4      | Reached skill level 5 in Stealth
  2424 | D:4      | Reached XP level 8. HP: 26/61 MP: 8/8
  2664 | D:4      | Noticed Natasha
  2670 | D:4      | Killed Natasha
  2670 | D:4      | Reached skill level 8 in Polearms
  2745 | D:4      | Reached skill level 5 in Fighting
  2832 | D:4      | Noticed Natasha
  2852 | D:4      | Killed Natasha
  3178 | D:4      | Found a basalt altar of Yredelemnul.
  3254 | D:4      | Killed Natasha
  3473 | D:5      | Entered Level 5 of the Dungeon
  3774 | D:5      | Reached skill level 9 in Polearms
  3774 | D:5      | Reached XP level 9. HP: 34/68 MP: 9/9
  4019 | D:5      | Found an opulent altar of Gozag.
  4158 | D:5      | Found a sparkling altar of Nemelex Xobeh.
  4291 | D:5      | Found a sparkling altar of Nemelex Xobeh.
  4293 | D:5      | Found a snail-covered altar of Cheibriados.
  4295 | D:5      | Found a bloodstained altar of Trog.
  4954 | D:6      | Found a staircase to the Ecumenical Temple.
  4968 | Temple   | Entered the Ecumenical Temple
  4985 | Temple   | Became a worshipper of Warmaster Okawaru
  5245 | D:6      | Noticed Duvessa
  5245 | D:6      | Noticed Dowan
  5270 | D:6      | Killed Dowan
  5272 | D:6      | Killed Duvessa
  5438 | D:6      | Noticed Menkaure
  5501 | D:6      | Killed Menkaure
  5619 | D:7      | Reached * piety under Okawaru
  5619 | D:7      | Reached skill level 10 in Polearms
  5928 | D:7      | Reached XP level 10. HP: 63/76 MP: 10/10
  6276 | D:7      | Found a radiant altar of Vehumet.
  6544 | D:7      | Gained mutation: You are agile. (Dex +2) [potion of mutation]
  6544 | D:7      | Gained mutation: Your body sometimes deteriorates upon taking damage. [potion of mutation]
  6891 | D:8      | Reached skill level 10 in Dodging
  7372 | D:7      | Reached ** piety under Okawaru
  7372 | D:7      | Reached skill level 1 in Evocations
  7450 | D:8      | Reached skill level 11 in Polearms
  7523 | D:8      | Found a staircase to the Lair.
  7649 | D:7      | Reached skill level 1 in Shields
  9255 | D:8      | Identified a scroll of acquirement
  9357 | D:8      | Reached *** piety under Okawaru
  9429 | D:8      | Reached XP level 11. HP: 79/84 MP: 11/11
  9606 | D:9      | Noticed Banto's ghost (novice HaAr)
  9616 | D:9      | Found Feimalus's Distillery.
  9667 | D:9      | Found an iron altar of Okawaru.
  9832 | D:9      | Bought 2 potions of curing for 84 gold pieces
  9832 | D:9      | Bought a potion of heal wounds for 70 gold pieces
  9843 | D:9      | Noticed Psyche
  9885 | D:9      | Killed Psyche
  9917 | D:9      | Found a blossoming altar of Fedhas.
 10122 | D:10     | Entered Level 10 of the Dungeon
 10290 | Lair:1   | Entered Level 1 of the Lair of Beasts
 10364 | Lair:1   | Reached skill level 12 in Dodging
 10489 | Lair:1   | Noticed a five-headed hydra
 10568 | Lair:1   | Killed a five-headed hydra
 10568 | Lair:1   | Reached **** piety under Okawaru
 11026 | Lair:1   | Lost mutation: You are agile. (Dex +2) [potion of cure mutation]
 11026 | Lair:1   | Lost mutation: Your body sometimes deteriorates upon taking damage. [potion of cure mutation]
 11217 | Lair:1   | Reached ***** piety under Okawaru
 11220 | Lair:1   | Received a gift from Okawaru
 11226 | Lair:1   | Got a pair of translucent boots {god gift}
 11237 | Lair:1   | Identified the +0 pair of boots of Xiwkourgh {rPois rC+ MR-} (Okawaru gifted it to you on level 1 of the Lair of Beasts)
 11496 | Lair:2   | Noticed Erica
 11509 | Lair:2   | Killed Erica
 11548 | Lair:2   | Noticed an eight-headed hydra
 12010 | Lair:2   | Noticed an eight-headed hydra
 12326 | D:8      | Reached skill level 13 in Dodging
 12449 | D:9      | Reached skill level 10 in Stealth
 12482 | D:9      | Noticed a centaur warrior
 12494 | D:9      | Killed a centaur warrior
 12991 | D:10     | Reached XP level 12. HP: 92/94 MP: 12/12
 14040 | D:11     | Found a staircase to the Orcish Mines.
 14450 | D:11     | Received a gift from Okawaru
 14654 | D:11     | Found a basalt altar of Yredelemnul.
 14959 | Orc:1    | Entered Level 1 of the Orcish Mines
 15151 | Orc:1    | Found Hyodij's Gadget Shop.
 15311 | Orc:1    | Found a roughly hewn altar of Beogh.
 15412 | Orc:1    | Found Fefa's Antique Armour Shop.
 15563 | Orc:1    | Found Ediniott's Antique Weapon Shoppe.
 16039 | Orc:1    | Found Zoenneg's Food Shop.
 16240 | Orc:2    | Noticed Nergalle
 16703 | D:10     | Upgraded the game from 0.17.0 to 0.17.0-7-gfadd4cc
 16949 | Lair:2   | HP: 4/142 [two-headed hydra (6)]
 16949 | Lair:2   | Slain by a two-headed hydra

Action                   |  1- 3 |  4- 6 |  7- 9 | 10-12 || total
-------------------------+-------+-------+-------+-------++-------
Melee: Trident           |    91 |   110 |   433 |  1273 ||  1907
       Scimitar          |       |       |       |     8 ||     8
 Fire: Blowgun           |       |       |       |    49 ||    49
Throw: Javelin           |     4 |     5 |     9 |    12 ||    30
       Throwing net      |     1 |       |     3 |     5 ||     9
Invok: Heroism           |       |       |       |     1 ||     1
 Abil: Evoke Teleportati |       |       |       |     2 ||     2
Evoke: Wand              |       |       |     4 |     7 ||    11
  Use: Scroll            |     1 |     4 |     6 |     7 ||    18
       Potion            |     3 |     2 |     7 |     6 ||    18
 Stab: Sleeping          |       |     2 |    24 |    38 ||    64
       Held in net/web   |       |       |     4 |     7 ||    11
       Paralysed         |       |       |     2 |       ||     2
       Invisible         |       |       |     5 |       ||     5
       Distracted        |       |       |     1 |    12 ||    13
  Eat: Chunk             |     5 |     5 |    15 |    44 ||    69
